Map: Overgrown Facility

Players

Vraneon - Winner!

  • Race: Protoss Protoss
  • Spawn Location: 9:00

ArconSeptim - Winner!

  • Race: Zerg Zerg
  • Spawn Location: 7:00

Antolem

  • Race: Zerg Zerg
  • League: Diamond
  • Spawn Location: 1:00

Jipman

  • Race: Protoss Protoss
  • League: Gold
  • Spawn Location: 3:00

VOD

Have the link to the VOD?

Description

Time

  • Played on: March 29, 2019, 7:14 p.m.
  • Length: 14:02
Show
View Real Time Build Order
Export as new Build Order

Vraneon Protoss - Winner!

Build Orders: Carriers 

Get SALT Encoding   

  1  0:00  Probe  
  12  0:05  Probe  
  14  0:19  Pylon  
  14  0:23  Probe  
  15  0:37  Probe  
  16  0:43  Forge  
  16  0:49  Probe  
  17  0:52  Assimilator  
  17  1:01  Probe  
  18  1:12  Pylon  
  18  1:13  Probe  
  19  1:26  Probe  
  20  1:43  Gateway  
  20  1:52  Pylon  
  20  2:05  Probe  
  21  2:17  Probe  
  21  2:19  Pylon  
  21  2:20  Photon Cannon  
  21  2:22  Pylon  
  22  2:23  Photon Cannon  
  22  2:25  Pylon  
  22  2:29  Probe  
  22  2:41  Nexus  
  22  2:52  Photon Cannon  
  22  3:00  Probe  
  23  3:06  Assimilator  
  23  3:08  Probe  
  24  3:13  Pylon  
  24  3:19  Assimilator  
  24  3:29  Cybernetics Core  
  24  3:32  Probe  
  24  3:33  Pylon  
  24  3:40  Probe  
  26  3:49  Probe  
  27  3:57  Probe  
  28  4:05  Probe  
  28  4:06  Stargate  
  28  4:07  Probe  
  29  4:13  Probe  
  29  4:15  Probe  
  30  4:22  Stalker  
  34  4:25  Probe  
  35  4:37  Probe  
  36  4:42  Probe  
  36  4:45  Pylon  
  37  4:49  Probe  
  37  4:51  Assimilator  
  38  4:55  Oracle  
  41  5:01  Probe  
  41  5:06  Probe  
  43  5:09  Photon Cannon  
  43  5:13  Probe  
  44  5:25  Probe  
  45  5:31  Stargate  
  45  5:32  Stargate  
  45  5:46  Fleet Beacon  
  45  5:51  Pylon  
  45  5:53  Photon Cannon  
  45  5:55  Probe  
  45  6:02  Nexus  
  45  6:03  Probe  
  46  6:06  Pylon  
  47  6:12  Probe  
  47  6:15  Assimilator  
  48  6:20  Probe  
  48  6:22  Carrier  
  48  6:24  Probe  
  50  6:32  Probe  
  51  6:37  Probe  
  58  6:44  Protoss Air Weapons Level 1  
  58  6:49  Probe  
  59  7:06  Carrier  
  59  7:17  Carrier, Photon Cannon  
  59  7:18  Probe  
  59  7:21  Probe  
  60  7:29  Probe  
  73  7:30  Probe  
  75  7:39  Probe  
  76  7:45  Assimilator  
  76  7:48  Pylon  
  76  7:49  Probe x2  
  76  7:51  Probe  
  79  8:03  Twilight Council  
  79  8:05  Pylon  
  79  8:06  Pylon  
  79  8:08  Pylon  
  79  8:09  Carrier  
  79  8:11  Carrier  
  91  8:17  Photon Cannon  
  91  8:18  Pylon  
  91  8:19  Probe  
  92  8:27  Probe  
  92  8:28  Photon Cannon  
  92  8:34  Probe x2  
  95  8:37  Probe  
  96  8:49  Protoss Air Armor Level 1  
  96  8:57  Carrier  
  102  9:03  Protoss Shields Level 1  
  102  9:13  Carrier  
  102  9:15  Nexus, Carrier, Probe  
  114  9:23  Probe  
  116  9:33  Probe  
  117  9:46  Assimilator  
  117  9:48  Probe  
  117  9:50  Assimilator  
  117  9:51  Carrier  
  118  9:56  Probe  
  118  10:00  Pylon  
  118  10:02  Pylon  
  118  10:06  Probe  
  125  10:07  Photon Cannon  
  125  10:10  Photon Cannon  
  126  10:14  Photon Cannon  
  126  10:16  Carrier  
  126  10:18  Probe  
  127  10:27  Carrier  
  136  10:54  Protoss Air Weapons Level 2, Pylon  
  136  10:55  Carrier  
  142  10:58  Pylon  
  142  11:00  Photon Cannon  
  142  11:02  Pylon  
  142  11:08  Photon Cannon  
  142  11:10  Shield Battery  
  142  11:12  Probe  
  142  11:13  Pylon  
  143  11:20  Probe  
  143  11:21  Carrier  
  150  11:29  Probe  
  147  11:41  Probe  
  147  11:53  Probe  
  148  11:59  Carrier  
  148  12:01  Robotics Facility  
  148  12:09  Carrier  
  160  12:25  Carrier  
  166  12:30  Shield Battery  
  166  12:33  Photon Cannon  
  166  12:34  Photon Cannon  
  178  13:53  Pylon x2  
Show
View Real Time Build Order
Export as new Build Order

ArconSeptim Zerg - Winner!

Build Orders: Pool First 

Get SALT Encoding   

  12  0:06  Drone  
  13  0:10  Drone  
  14  0:18  Overlord  
  14  0:27  Drone, Extractor  
  14  0:42  Spawning Pool  
  14  0:46  Drone  
  14  0:54  Drone  
  15  0:58  Drone  
  15  1:02  Drone  
  17  1:30  Lair  
  17  1:36  Drone  
  18  1:45  Hatchery  
  17  1:52  Overlord  
  17  1:57  Drone  
  18  2:06  Metabolic Boost  
  18  2:12  Zergling x4  
  20  2:18  Zergling x2  
  21  2:27  Zergling x2  
  22  2:37  Zergling x2  
  23  2:54  Drone  
  24  3:03  Nydus Network  
  23  3:11  Hatchery  
  22  3:15  Drone x3  
  25  3:21  Overlord  
  25  3:24  Drone  
  26  3:35  Drone x2  
  28  3:42  Zergling x4  
  30  3:50  Roach Warren  
  30  3:54  Extractor  
  28  3:57  Overlord  
  28  4:07  Drone x3  
  31  4:15  Zergling x2  
  32  4:21  Drone x2  
  34  4:26  Queen  
  36  4:35  Glial Reconstitution  
  36  4:44  Pneumatized Carapace  
  36  4:46  Roach  
  36  4:49  Roach  
  40  4:53  Drone x2  
  42  5:07  Zergling x4  
  42  5:08  Roach x2  
  42  5:11  Drone x2  
  50  5:16  Overlord  
  50  5:35  Roach x4  
  58  5:36  Overlord  
  58  5:47  Overlord  
  58  5:55  Drone x3  
  58  5:56  Evolution Chamber, Roach, Zergling x2  
  63  5:59  Overlord  
  63  6:15  Roach x2, Zergling x2  
  63  6:18  Drone x3  
  71  6:34  Zerg Ground Armor Level 1  
  70  6:48  Nydus Canal  
  66  6:56  Extractor, Spine Crawler  
  66  7:00  Drone x2, Spine Crawler  
  66  7:01  Drone x2, Overlord x2, Spine Crawler, Zergling x2  
  66  7:02  Roach  
  68  7:14  Roach, Zergling x6  
  71  7:21  Spine Crawler  
  36  7:49  Zergling x2  
  36  7:50  Roach x3, Zergling x4  
  42  7:55  Roach  
  42  8:00  Roach  
  37  8:16  Nydus Canal  
  37  8:18  Drone x2  
  37  8:19  Drone x2  
  29  8:41  Nydus Canal  
  29  8:43  Drone x3  
  29  8:44  Drone x2  
  23  9:01  Evolution Chamber  
  22  9:04  Zergling x2  
  22  9:05  Roach x3, Zergling x2  
  30  9:18  Zergling x2  
  31  9:30  Zergling x2  
  31  9:39  Roach, Zergling x2  
  31  9:41  Drone  
  35  9:46  Roach  
  37  9:55  Extractor  
  36  10:00  Drone  
  36  10:06  Nydus Network  
  36  10:16  Drone x5  
  41  10:36  Overlord  
  41  10:37  Overlord  
  41  10:39  Roach x2, Zergling x4  
  47  10:59  Nydus Canal  
  47  11:01  Roach x3, Zergling x8  
  57  11:07  Zerg Melee Weapons Level 1  
  57  11:11  Drone  
  55  11:39  Roach x3, Zergling x6  
  69  11:40  Roach x2, Zergling x2  
  69  11:52  Nydus Canal  
  69  12:03  Overseer  
  69  12:06  Roach x3, Zergling x6  
  78  12:22  Nydus Canal  
  78  12:25  Roach x2, Zergling x6  
  78  12:26  Zergling x2  
  86  12:50  Roach x2, Zergling x4  
  86  12:51  Roach, Zergling x2  
  92  12:57  Zergling x2  
  92  12:58  Roach x2  
  63  13:09  Roach, Zergling x4  
  46  13:33  Nydus Canal  
  46  13:35  Roach x3, Zergling x6  
  46  13:38  Drone x3  
Show
View Real Time Build Order
Export as new Build Order

Antolem Zerg 

Build Orders: Hatch First 

Get SALT Encoding   

  12  0:01  Drone  
  13  0:15  Overlord  
  13  0:18  Drone  
  14  0:33  Drone x2  
  16  0:55  Hatchery  
  15  1:00  Drone x2  
  15  1:01  Drone  
  18  1:13  Extractor  
  17  1:36  Spawning Pool  
  16  1:49  Drone x3  
  19  2:02  Overlord  
  19  2:21  Drone  
  19  2:22  Drone x2  
  22  2:23  Metabolic Boost  
  22  2:27  Queen  
  24  2:37  Queen  
  26  2:53  Zergling x10  
  31  3:03  Drone  
  32  3:12  Overlord x2  
  27  3:47  Drone  
  27  3:48  Drone x10  
  38  3:52  Lair  
  38  3:59  Roach Warren  
  38  4:01  Evolution Chamber  
  36  4:14  Hatchery  
  35  4:26  Drone  
  35  4:31  Drone x2  
  38  4:33  Drone x2  
  38  4:34  Extractor x2  
  38  4:35  Drone x3  
  38  4:36  Drone  
  42  4:39  Extractor  
  42  4:40  Zerg Missile Weapons Level 1  
  42  4:43  Overlord x2  
  41  4:53  Glial Reconstitution  
  41  5:01  Drone x3, Burrow  
  41  5:03  Drone x3  
  47  5:09  Drone  
  47  5:10  Drone x2  
  50  5:26  Overseer  
  50  5:29  Overseer  
  50  5:33  Overseer  
  50  5:35  Drone x6  
  56  5:36  Queen  
  56  5:40  Spore Crawler  
  56  5:42  Spore Crawler  
  56  5:44  Spore Crawler  
  55  6:08  Drone  
  55  6:10  Drone  
  57  6:12  Drone x4  
  57  6:13  Drone x3  
  64  6:22  Extractor  
  64  6:23  Extractor, Overseer  
  62  6:26  Overlord x4  
  62  6:36  Zerg Missile Weapons Level 2  
  62  6:55  Infestation Pit  
  62  6:59  Drone x3  
  64  7:01  Drone x2  
  64  7:02  Drone  
  64  7:03  Drone x3  
  64  7:06  Roach x6  
  82  7:18  Roach x9  
  100  7:26  Overlord  
  100  7:32  Roach  
  100  7:33  Roach x2  
  103  7:49  Roach  
  103  7:50  Roach x6  
  113  7:55  Overlord x5  
  113  8:13  Roach x5  
  113  8:14  Roach x2  
  125  8:40  Hive  
  125  8:48  Drone x3  
  127  8:52  Zerg Ground Armor Level 1  
  128  8:57  Spire  
  128  9:01  Roach, Hydralisk Den  
  128  9:02  Roach x7  
  142  9:31  Hydralisk x6  
  142  9:34  Overlord  
  142  9:35  Overlord x4  
  142  9:37  Muscular Augments  
  154  9:46  Overlord  
  154  9:47  Overlord x5  
  154  9:48  Overlord x2  
  154  9:54  Hydralisk  
  154  9:55  Hydralisk x4  
  164  10:02  Hydralisk x2  
  168  10:12  Greater Spire  
  168  10:13  Hydralisk  
  168  10:14  Hydralisk x8, Hatchery  
  184  10:37  Hydralisk  
  184  10:38  Hydralisk x7  
  200  10:46  Zerg Missile Weapons Level 3  
  200  10:49  Grooved Spines  
  200  10:51  Spore Crawler  
  199  11:09  Spore Crawler  
  198  11:50  Tunneling Claws  
  196  12:00  Hydralisk x2  
  200  12:06  Roach x32  
  200  12:23  Hatchery  
  143  12:41  Hydralisk x2  
  143  12:42  Hydralisk x7  
  109  12:56  Hydralisk x11  
  109  12:57  Hydralisk x22  
Show
View Real Time Build Order
Export as new Build Order

Jipman Protoss 

Build Orders:  

Get SALT Encoding   

  12  0:00  Probe  
  13  0:13  Probe  
  14  0:26  Pylon  
  14  0:27  Probe  
  15  0:40  Probe  
  15  0:46  Gateway  
  15  0:49  Probe  
  17  1:05  Probe  
  17  1:11  Pylon  
  18  1:17  Probe  
  19  1:22  Gateway  
  19  1:49  Assimilator  
  19  1:51  Nexus  
  19  1:54  Assimilator  
  19  2:33  Zealot x2  
  23  2:39  Pylon  
  22  2:58  Probe  
  18  3:06  Probe  
  18  3:10  Gateway  
  18  3:12  Cybernetics Core  
  19  3:16  Gateway, Probe x2  
  21  3:28  Probe  
  20  3:44  Zealot  
  20  3:45  Zealot  
  24  3:48  Probe  
  24  3:49  Probe  
  26  3:56  Probe  
  26  3:57  Probe  
  28  4:03  Zealot  
  28  4:06  Probe x2  
  28  4:07  Zealot  
  34  4:16  Probe  
  34  4:18  Zealot x2  
  34  4:20  Probe  
  40  4:24  Probe  
  40  4:28  Probe  
  41  4:33  Zealot  
  41  4:34  Warp Gate  
  44  4:53  Assimilator  
  44  4:59  Pylon  
  44  5:02  Pylon  
  44  5:03  Probe x2  
  44  5:05  Pylon  
  46  5:11  Adept x2  
  46  5:12  Adept  
  52  5:15  Probe  
  52  5:17  Adept  
  55  5:27  Gateway  
  55  5:29  Gateway  
  55  5:39  Gateway  
  55  5:40  Probe x2  
  57  5:48  Twilight Council  
  57  6:06  Probe x2  
  59  6:11  Assimilator  
  59  6:14  Pylon  
  59  6:16  Assimilator  
  59  6:18  Probe x2  
  61  6:27  Zealot x3  
  61  6:28  Zealot  
  61  6:30  Probe x2  
  71  6:42  Probe  
  57  7:26  Zealot x3  
  36  8:42  Pylon  
  36  8:46  Forge, Pylon  
  34  8:49  Pylon  
  34  8:51  Pylon  
  34  8:52  Pylon  
  34  8:53  Pylon  
  34  8:54  Pylon  
  32  9:21  Photon Cannon  
  32  9:23  Photon Cannon  
  32  9:24  Photon Cannon  
  32  9:27  Photon Cannon x2  
  32  9:29  Pylon  
  32  9:30  Pylon  
  26  9:33  Pylon  
  26  9:34  Probe x2  
  28  9:43  Blink  
  28  9:46  Probe x2  
  28  9:50  Photon Cannon  
  30  9:53  Photon Cannon  
  30  9:57  Protoss Ground Weapons Level 1  
  30  10:11  Assimilator  
  30  10:19  Stalker x2  
  34  10:38  Stalker x2  
  38  10:47  Stalker  
  40  10:55  Stalker  
  42  11:04  Stalker  
  44  11:05  Probe  
  44  11:06  Probe  
  46  11:13  Probe  
  47  11:18  Probe  
  48  11:43  Photon Cannon  
  48  11:54  Stalker  
  50  12:03  Templar Archives  
  50  12:10  Probe x2  
  52  12:18  Probe  
  52  12:19  Probe  
  53  12:28  Probe  
  55  12:44  Stalker x4  
  61  12:58  Stalker x2  
  39  13:19  Stalker x3  
  45  13:20  Stalker  
  45  13:22  High Templar  
  45  13:25  High Templar  
  51  13:29  Archon  
  45  13:42  Stalker x2  
  45  13:43  Stalker  
  51  13:49  Stalker  
Tags
 
Add a new tag
Caveats
  • Supply blocks, unpowered buildings, or Contaminate may cause inaccurate times.
  • Supply counts are checked every 10 seconds.